 Dungeon Crawl Stone Soup version 0.31.0-12-g77e489cdc1 (webtiles) character file.

Game seed: 2515502720655713257

192 Gadfly the Insei (level 5, -10/41 HPs)
             Began as a Demonspawn Monk on Feb 11, 2024.
             Mangled by an ogre
             ... wielding a +0 giant club
              (33 damage)
             ... on level 4 of the Dungeon.
             The game lasted 00:04:03 (2953 turns).

Gadfly the Insei (Demonspawn Monk)                  Turns: 2953, Time: 00:04:04

Health: -10/41     AC:  3    Str: 13    XL:     5   Next: 42%
Magic:  5/5        EV: 13    Int: 10    God:
Gold:   122        SH:  0    Dex: 16    Spells: 4/4 levels left

rFire   . . .        b - +3 dagger (venom)
rCold   . . .        c - orb {light}
rNeg    . . .        g - +1 robe {Will+}
rPois   .            (helmet restricted)
rElec   .            (no cloak)
rCorr   .            (no gloves)
SInv    .            (no boots)
Will    +....        (no amulet)
Stlth   +            (no ring)
HPRegen 0.26/turn    (no ring)
MPRegen 0.09/turn

%: no passive effects
@: glowing
A: antennae 1, demonic guardian 1, weakness stinger 1
a: no special abilities


You were on level 4 of the Dungeon.
You visited 1 branch of the dungeon, and saw 4 of its levels.

You collected 207 gold pieces.
You spent 85 gold pieces at shops.

Inventory:

Hand Weapons
 b - a +3 dagger of venom (weapon)
 j - a +1 long sword
Armour
 c - an orb of light (worn)
 g - a +1 robe of willpower (worn)
Wands
 o - a wand of roots (9)
Scrolls
 a - 2 scrolls of poison
 e - a scroll of teleportation
 m - a scroll of revelation
 p - a scroll of enchant armour {unknown}
 q - a scroll of vulnerability {unknown}
Potions
 d - 2 potions of ambrosia
 f - a potion of might
 h - a potion of resistance {unknown}
 i - a potion of attraction
 k - 2 potions of curing {unknown}
 l - a potion of enlightenment {unknown}
 n - a potion of degeneration {unknown}


   Skills:
 - Level 3.0 Fighting
 + Level 3.4 Dodging
 * Level 3.7 Unarmed Combat
 * Level 2.5 Evocations
 * Level 2.0 Shapeshifting


You had 4 spell levels left.
You didn't know any spells.
Your spell library contained the following spells:

 Spells                   Type           Power      Damage    Failure   Level
 Frozen Ramparts          Ice            0%         1d1       75%         3
 Leda's Liquefaction      Alch/Erth      0%         N/A       98%         4
 Petrify                  Alch/Erth      0%         N/A       98%         4
 Metabolic Englaciation   Hex/Ice        0%         N/A       100%        5


Dungeon Overview and Level Annotations

Branches:
Dungeon (4/15)
 Temple: D:4-7

Altars:

Shops:
D:4 *


Innate Abilities, Weirdness & Mutations

You have a pair of small antennae on your head.
A weak demonic guardian rushes to your aid.
You have a small tail.


Message History

No target in view!
Key pressed, stopping explore.
No target in view!
No target in view!
q - a scroll labelled OPROUFR YKHOFE An ogre comes into view.
It is wielding a +0 giant club.
The ogre shouts!
An ogre is nearby!
An ogre is nearby!
The ogre closely misses you.
You hit the ogre.
The ogre is poisoned.
You tail-slap the ogre.
The ogre is moderately wounded.
The ogre hits you with a +0 giant club!!
Ouch! That really hurt!
A demonic guardian appears!
You are too injured to fight recklessly!
You are too injured to fight recklessly!
You are too injured to fight recklessly!
You are too injured to fight recklessly!
You are too injured to fight recklessly!
You are too injured to fight recklessly!
You are too injured to fight recklessly!
You are too injured to fight recklessly!
Unknown command.
Your quasit barely misses the ogre.
Your quasit claws the ogre. x2
The ogre hits your quasit with a +0 giant club!!
Your quasit dies!
Your quasit disappears in a puff of smoke!
Aiming: Fastroot
Press: ? - help, Shift-Dir - straight line, f - ogre
Aim: an ogre, wielding a +0 giant club (heavily wounded, poisoned, haloed)
The roots erupt in riotous growth!
Roots grab the ogre.
The grasping roots constrict the ogre.
The ogre looks more healthy.
The ogre escapes!
You hit the ogre.
The ogre is poisoned.
The ogre is severely wounded.
The ogre hits you with a +0 giant club!!
Ouch! That really hurt!
You die...

.# ### ##.###...## .###.#
##.# ##.## ...## .....# #.##
#.# ..... #...## #.# ##.#
##... ....######.####..#
#...# ...........##....##
#...##
####.......#...#..####....###
####....##...####....#..#
..##
##...........###@O##....###..
#..<......(#.....#####...##.#
..#...#...#####.## #.....#.#
.#....##..# #..# ##.##....#
## .........##
##.###.#####..##. #....####.#
#.##..# ##.#.# ....## #.###
#....## ##..### ...##
#...#####...# #.... ...#
##.#....#....#######..####


You could see an ogre (very poisoned).

Vanquished Creatures
  2 bombardier beetles
  Terence (D:3)
  2 adders (D:3)
  A dart slug (D:2)
  3 ribbon worms (D:2)
  An orc (D:3)
  8 bats
  6 endoplasms
  3 giant cockroaches
  6 goblins
  4 hobgoblins
  2 jackals (D:1)
  10 kobolds
  7 quokkas
  7 ball pythons
  4 frilled lizards
  2 rats
69 creatures vanquished.

Notes
Turn   | Place    | Note
-------+----------+-------------------------------------------
     0 | D:1      | Gadfly the Demonspawn Monk began the quest for the Orb.
     0 | D:1      | Reached XP level 1. HP: 18/18 MP: 1/1
   122 | D:1      | Gained mutation: A weak demonic guardian rushes to your
                  | aid. [demonic ancestry]
   122 | D:1      | Reached XP level 2. HP: 24/24 MP: 2/2
   195 | D:1      | Found a faded altar of an unknown god.
   295 | D:1      | Reached skill level 1 in Evocations
   621 | D:1      | Reached skill level 1 in Shapeshifting
   621 | D:1      | Discovered your monstrous ancestry.
   621 | D:1      | Gained mutation: You have a pair of small antennae on your
                  | head. [demonic ancestry]
   621 | D:1      | Reached XP level 3. HP: 27/29 MP: 3/3
  1603 | D:3      | Noticed Terence
  1612 | D:3      | Killed Terence
  1613 | D:3      | Gained mutation: You have a small tail. [demonic ancestry]
  1613 | D:3      | Reached XP level 4. HP: 13/35 MP: 4/4
  2007 | D:3      | Reached XP level 5. HP: 23/41 MP: 5/5
  2645 | D:4      | Found Ufulary's Assorted Antiques.
  2658 | D:4      | Bought a scroll labelled JYZUAV JIRHE for 31 gold pieces
  2658 | D:4      | Bought a coppery potion for 27 gold pieces
  2658 | D:4      | Bought an emerald potion for 27 gold pieces
  2936 | D:4      | Noticed an ogre
  2953 | D:4      | Mangled by an ogre

Illustrated notes

Levels and vault maps discovered:
D:1:      erik_arrival_orb_chamber, layout_loops_cross,
          shapermc_ecumenical_altar_gd
D:2:      layout_basic, corexii_shack, kennysheep_generic_room_10
D:3:      layout_basic, uniq_terence
D:4:      wander_river, layout_layer_cave, serial_shops,
          nicolae_shop_tiny_statue_garden, minmay_misc_feat_plants,
          skrybe_limestone_x

Skill      XL: |  1  2  3  4  5 |
---------------+----------------+-----
Evocations     | 1 2 |  2.5
Unarmed Combat | 3 |  3.7
Shapeshifting  | 1 2 |  2.0
Dodging        | 3 |  3.4
Fighting       | |  3.0

Action                     |  1- 3 |  4- 6 || total
---------------------------+-------+-------++-------
  Melee: Spear             |   113 |     5 ||   118
         Dagger            |       |    43 ||    43
         Tailslap          |       |     9 ||     9
         Unarmed           |       |     1 ||     1
  Evoke: Wand              |       |     1 ||     1
    Use: Scroll            |     7 |     6 ||    13
   Stab: Distracted        |     1 |       ||     1
 Armour: Robe              |    59 |    20 ||    79
  Dodge: Dodged            |    84 |    25 ||   109
